 Dungeon Crawl Stone Soup version 0.23.0 (webtiles) character file.

Game seed: 16242140599327540619

25 xeno23 the Caller (level 2, -1/21 HPs)
             Began as a Mummy Summoner on Feb 13, 2019.
             Slain by a leopard gecko (3 damage)
             ... on level 2 of the Dungeon.
             The game lasted 00:02:41 (661 turns).

xeno23 the Caller (Mummy Summoner)                   Turns: 661, Time: 00:02:41

Health: -1/21      AC:  2    Str: 11    XL:     2   Next: 82%
Magic:  4/6        EV: 12    Int: 14    God:
Gold:   36         SH:  0    Dex: 12    Spells: 6/7 levels left

rFire    x . .     SeeInvis .   b - +0 dagger
rCold    + . .     Gourm    .   (no shield)
rNeg     + + +     Faith    .   a - +0 robe
rPois    ∞         Spirit   .   (no helmet)
rElec    .         Reflect  .   (no cloak)
rCorr    .         Harm     .   (no gloves)
MR       .....                  (no boots)
Stlth    ++........             (no amulet)
HPRegen  0.07/turn              (no ring)
MPRegen  0.10/turn              (no ring)

@: no status effects
A: no food or potions, fire vulnerability, cold resistance 1, negative energy
resistance 3, torment resistance, unbreathing
a: no special abilities


You were on level 2 of the Dungeon.
You were not hungry.

You visited 1 branch of the dungeon, and saw 2 of its levels.

You collected 36 gold pieces.

Inventory:

Hand Weapons
 b - a +0 dagger (weapon)
Missiles
 c - 22 poisoned needles
Armour
 a - a +0 robe (worn)
Scrolls
 d - a scroll of amnesia {unknown}


   Skills:
 + Level 1.0 Fighting
 - Level 1.5 Dodging
 - Level 1.5 Stealth
 + Level 3.1 Spellcasting
 * Level 3.7 Summonings


You had 6 spell levels left.
You knew the following spells:

 Your Spells              Type           Power        Failure   Level  Hunger
a - Summon Small Mammal   Summ           ##..         4%          1    N/A

Your spell library contained the following spells:

 Spells                   Type           Power        Failure   Level  Hunger
 Call Imp                 Summ           ##......     7%          2    N/A
 Call Canine Familiar     Summ           ##......     14%         3    N/A
 Summon Guardian Golem    Hex/Summ       #.......     30%         3    N/A
 Summon Ice Beast         Ice/Summ       #.......     69%         4    N/A
 Summon Lightning Spire   Summ/Air       #.......     69%         4    N/A

Dungeon Overview and Level Annotations

Branches:
Dungeon (2/15)

Altars:
Ru

Annotations:
D:2 2 transporters


Innate Abilities, Weirdness & Mutations

You do not eat or drink.
Your flesh is vulnerable to fire.
You are immune to poison.
Your flesh is cold resistant. (rC+)
You are immune to negative energy. (rN+++)
You are immune to unholy pain and torment.
You can survive without breathing.


Message History

Your bat misses the leopard gecko. x3
Your bat closely misses the leopard gecko.
Your bat barely misses the leopard gecko.
Found a whip.
You barely miss the leopard gecko.
The leopard gecko is heavily wounded.
The leopard gecko bites you.
* * * LOW HITPOINT WARNING * * *
You take 2 damage.
You barely miss the leopard gecko.
The leopard gecko is heavily wounded.
Your bat hits the leopard gecko. Your bat misses the leopard gecko.
The leopard gecko closely misses you.
Your bat misses the leopard gecko. The leopard gecko closely misses you.
You hit the leopard gecko.
The leopard gecko is almost dead.
Your bat barely misses the leopard gecko.
Your quokka barely misses the leopard gecko.
The leopard gecko bites you.
You die...

.#.#..#.).
#...#.......?.
..©#..©.?..$_#
..#!......![#....
#.#5.#...#/$#.#..
#.#8l.#.#..8#...
#.##K..©...##.##
#@l#########...
##brb........
###....##.######
#.............
#..<.#########
#.<..# ######


You could see a crimson imp, a leopard gecko, a kobold, a frilled lizard, a
friendly quokka and 2 friendly bats.

Vanquished Creatures
  An ooze (D:1)
  A leopard gecko (D:1)
  3 bats (D:1)
  A giant cockroach (D:1)
  3 goblins (D:1)
  3 hobgoblins (D:1)
  3 frilled lizards (D:1)
  3 kobolds (D:1)
18 creatures vanquished.

Vanquished Creatures (collateral kills)
  A bat (D:1)
  A kobold (D:1)
2 creatures vanquished.

Grand Total: 20 creatures vanquished

Notes
Turn   | Place    | Note
-------+----------+-------------------------------------------
     0 | D:1      | xeno23 the Mummy Summoner began the quest for the Orb.
     0 | D:1      | Reached XP level 1. HP: 13/13 MP: 4/4
   113 | D:1      | Reached XP level 2. HP: 19/20 MP: 5/5
   449 | D:1      | Reached skill level 1 in Fighting
   633 | D:2      | Found a transporter.
   634 | D:2      | Noticed a crimson imp
   653 | D:2      | Found a transporter.
   653 | D:2      | Found a sacrificial altar of Ru.
   659 | D:2      | HP: 1/21 [leopard gecko (2)]
   661 | D:2      | Slain by a leopard gecko

Skill      XL: |  1  2 |
---------------+-------+-----
Spellcasting   | 3 |  3.1
Fighting       | 1 |  1.0
Dodging        | |  1.5
Stealth        | |  1.5
Summonings     | |  3.7

Action                   || total
-------------------------++-------
Melee: Dagger            ||    84
 Cast: Summon Small Mamm ||     5
 Stab: Sleeping          ||     1
Armor: Robe              ||    19
Dodge: Dodged            ||    52
